 Dungeon Crawl Stone Soup version 0.31.0-11-ge490571c62 (webtiles) character file.

Game seed: 9399395052773928245

20 SnakkuSnakku7 the Conjurer (level 2, -1/22 HPs)
             Began as a Merfolk Conjurer on Feb 1, 2024.
             Slain by an adder (4 damage)
             ... on level 2 of the Dungeon.
             The game lasted 00:01:14 (1039 turns).

SnakkuSnakku7 the Conjurer (Merfolk Conjurer)       Turns: 1039, Time: 00:01:14

Health: -1/22      AC:  2    Str:  7    XL:     2   Next: 79%
Magic:  0/5        EV: 12    Int: 17    God:
Gold:   72         SH:  0    Dex: 12    Spells: 4/5 levels left

rFire   . .          .
                       - Unarmed
rCold   . . .        (no shield)
rNeg    . . .        a - +0 robe
rPois   .            (no helmet)
rElec   .            (no cloak)
rCorr   .            (no gloves)
SInv    .            (no boots)
Will    .....        (no amulet)
Stlth   ++           (no ring)
HPRegen 0.23/turn    (no ring)
MPRegen 0.09/turn

%: no passive effects
@: no status effects
A: (nimble swimmer 2), mertail
a: no special abilities


You were on level 2 of the Dungeon.
You visited 1 branch of the dungeon, and saw 2 of its levels.

You collected 72 gold pieces.

Inventory:

Armour
 a - a +0 robe (worn)
Scrolls
 c - a scroll of identify {unknown}
Potions
 b - a potion of magic
 d - a potion of attraction {unknown}


   Skills:
 + Level 1.7 Fighting
 - Level 2.6 Dodging
 - Level 2.1 Stealth
 + Level 1.7 Unarmed Combat
 - Level 2.0 Spellcasting
 - Level 3.2 Conjurations


You had 4 spell levels left.
You knew the following spells:

 Your Spells              Type           Power      Damage    Failure   Level
a - Magic Dart            Conj           48%        1d5       4%          1

Your spell library contained the following spells:

 Spells                   Type           Power      Damage    Failure   Level
 Searing Ray              Conj           24%        2d5       8%          2
 Fulminant Prism          Conj/Alch      3%         3d5       69%         4
 Iskenderun's Mystic Bla  Conj/Tloc      7%         2d4       69%         4


Dungeon Overview and Level Annotations

Branches:
Dungeon (2/15)

Altars:


Innate Abilities, Weirdness & Mutations

((You are very nimble when in or above water. (Stealth+, EV+, Speed+++)))
Your lower body shifts to a powerful aquatic tail in water.


Message History

The adder is severely wounded.
You feel sick. The adder closely misses you. The adder barely misses you.
You barely miss the adder.
The adder is severely wounded.
You feel sick. The adder bites you but does no damage.
You closely miss the adder.
The adder is severely wounded.
You feel sick. The adder closely misses you.
You feel sick.
You are no longer poisoned.
The adder bites you. The adder attacks as it pursues you!
The adder closely misses you. The adder attacks as it pursues you!
The adder closely misses you. The adder attacks as it pursues you!
The adder bites you.
Aiming: Magic Dart (safe; 4% risk of failure)
Press: ? - help, Q - select action Shift-Dir - straight line, f/p - adder
Aim: an adder (severely wounded, 100% to hit)
The magic dart hits the adder.
The adder is almost dead.
The adder closely misses you. The adder bites you but does no damage.
The adder attacks as it pursues you! The adder bites you.
The adder closely misses you. The adder attacks as it pursues you!
The adder closely misses you. The adder misses you.
Aiming: Magic Dart (safe; 4% risk of failure)
Press: ? - help, Q - select action Shift-Dir - straight line, f/p - adder
Aim: an adder (almost dead, 100% to hit)
The magic dart hits the adder.
The adder is almost dead.
The adder closely misses you. The adder barely misses you.
The adder attacks as it pursues you! The adder bites you.
The adder attacks as it pursues you! The adder barely misses you.
The adder bites you.
* * * LOW HITPOINT WARNING * * *
The adder attacks as it pursues you! The adder closely misses you.
The adder attacks as it pursues you! The adder bites you.
* * * LOW HITPOINT WARNING * * *
The adder attacks as it pursues you! The adder bites you.
You die...

##............
#.....#####.#
#.....# #.....#
#.....# #.#####
#.# #.#########
#......S@.#######
########........#
## #>.#####.#
...###..#####.#
...........##<###
...........'....#
#..........##.#.#
#..###......#.#.#
#.. #.#.##.#.#.#


You could see an adder.

Vanquished Creatures
  A dart slug (D:1)
  2 ball pythons
  2 endoplasms (D:1)
  2 giant cockroaches (D:1)
  A goblin (D:1)
  A hobgoblin (D:1)
  3 kobolds (D:1)
  3 bats (D:1)
  A frilled lizard (D:1)
  2 rats (D:1)
18 creatures vanquished.

Notes
Turn   | Place    | Note
-------+----------+-------------------------------------------
     0 | D:1      | SnakkuSnakku7 the Merfolk Conjurer began the quest for the
                  | Orb.
     0 | D:1      | Reached XP level 1. HP: 13/13 MP: 3/3
   178 | D:1      | Reached skill level 1 in Fighting
   178 | D:1      | Reached skill level 1 in Unarmed Combat
   228 | D:1      | Reached XP level 2. HP: 21/21 MP: 3/5
  1039 | D:2      | Slain by an adder

Illustrated notes

Levels and vault maps discovered:
D:1:      ebering_trefoil_3fold, layout_loops_corners, serial_glass,
          glass_columns_a, glass_columns_a
D:2:      layout_basic, hellmonk_ecumenical_altar_crossroads, basic_altar

Skill      XL: |  1 |
---------------+----+-----
Fighting       | 1 |  1.7
Unarmed Combat | 1 |  1.7
Dodging        | |  2.6
Stealth        | |  2.1
Spellcasting   | |  2.0
Conjurations   | |  3.2

Action                     || total
---------------------------++-------
  Melee: Unarmed           ||    71
   Cast: Magic Dart        ||    36
 Armour: Robe              ||    40
  Dodge: Dodged            ||    66
